 Dungeon Crawl Stone Soup version 0.32-a0-660-g97ce250973 (webtiles) character file.

Game seed: 18393650869111758992

5098 HessuHobo the Grappler (level 10, -3/104 HPs)
             Began as a Troll Berserker on Mar 9, 2024.
             Was a High Priest of Trog.
             Slain by an orc warrior
             ... wielding a +0 glaive
              (8 damage)
             ... on level 9 of the Dungeon.
             The game lasted 00:18:15 (7381 turns).

HessuHobo the Grappler (Troll Berserker)            Turns: 7381, Time: 00:18:16

Health: -3/104     AC:  6    Str: 29 (31) XL:     10   Next: 32%
Magic:  9/9        EV: 11    Int:  1 (3)  God:    Trog [*****.]
Gold:   2228       SH:  0    Dex:  7 (9)  Spells: 9/9 levels left

rFire   + . .        M - +0 whip (vamp)
rCold   . . .        (no shield)
rNeg    . . .        w - +0 robe {rF+}
rPois   .            (helmet restricted)
rElec   .            j - +1 cloak
rCorr   .            (gloves unavailable)
SInv    .            (boots unavailable)
Will    +....        (no amulet)
Stlth   +            t - ring of willpower
HPRegen 1.17/turn    (no ring)
MPRegen 0.11/turn

%: no passive effects
@: no status effects
A: large, unfitting armour, claws 3, regeneration 1, shaggy fur 1, tough skin 1
a: Renounce Religion, Berserk, Trog's Hand, Brothers in Arms


You were on level 9 of the Dungeon.
You worshipped Trog.
Trog was extremely pleased with you.
You visited 2 branches of the dungeon, and saw 10 of its levels.
You also visited: Sewer and Ossuary.

You collected 2228 gold pieces.

Inventory:

Hand Weapons
 d - the +3 short sword of the Sixty-Six Teeth {pain, Int+2}
   (You found it on level 6 of the Dungeon)

   Int+2:     It affects your intelligence (+2).
 h - a +0 dagger of venom
 J - a +3 heavy giant club
 M - a +0 vampiric whip (weapon)
Missiles
 g - 43 stones
 o - 15 poisoned darts (quivered)
Armour
 a - a +0 animal skin
 j - a +1 cloak (worn)
 w - a +0 robe of fire resistance (worn)
Jewellery
 t - a ring of willpower (left claw)
 H - a +5 ring of evasion
Wands
 i - a wand of mindburst (14)
 v - a wand of flame (25)
 y - a wand of iceblast (23)
 K - a wand of digging (3)
Scrolls
 c - 3 scrolls of fog
 e - 2 scrolls of fear
 f - 6 scrolls of teleportation
 m - 2 scrolls of amnesia
 q - a scroll of vulnerability {unknown}
 u - a scroll of noise {unknown}
 A - a scroll of enchant weapon {unknown}
 B - a scroll of torment {unknown}
 G - a scroll of identify
 I - a scroll of revelation {unknown}
 L - a scroll of enchant armour {unknown}
Potions
 b - 4 potions of attraction
 k - 2 potions of brilliance
 l - a potion of invisibility {unknown}
 n - a potion of mutation {unknown}
 p - 5 potions of curing
 s - 2 potions of might
 x - 3 potions of haste
 z - a potion of enlightenment {unknown}
 C - a potion of cancellation {unknown}
 D - a potion of ambrosia {unknown}
 E - a potion of degeneration
 F - a potion of magic {unknown}


   Skills:
 + Level 7.7 Fighting
 + Level 2.0 Maces & Flails
 - Level 3.0 Throwing
 + Level 7.6 Dodging
 - Level 8.7 Unarmed Combat


You had 9 spell levels left.
You didn't know any spells.
Your spell library was empty.

Dungeon Overview and Level Annotations

Branches:
Dungeon (9/15)             Temple (1/1) D:4           Sewer (visited)
Ossuary (visited)
   Lair: D:8-11         Orc: D:9-12

Altars:
Ashenzari
Cheibriados
Dithmenos
Elyvilon
Fedhas
Gozag
Hepliaklqana
Kikubaaqudgha
Makhleb
Nemelex Xobeh
Okawaru
Qazlal
Ru
Sif Muna
Trog
Uskayaw
Vehumet
Wu Jian
Xom
Yredelemnul
Zin
The Shining One


Innate Abilities, Weirdness & Mutations

You are too large for most types of armour.
You have claws for hands.
Your natural rate of healing is unusually fast.
You are covered in fur. (AC +1)
You have tough skin. (AC +1)


Message History

The orc warrior hits you with a +0 glaive!
* * * LOW HITPOINT WARNING * * *
You hit the orc warrior.
You feel better.
The orc warrior is almost dead.
The orc hits you with a +0 mace.
* * * LOW HITPOINT WARNING * * *
The orc completely misses you. The orc warrior closely misses you.
You hit the orc warrior.
The orc warrior is almost dead.
The orc closely misses you. The orc hits you with a +0 mace.
* * * LOW HITPOINT WARNING * * *
The orc warrior hits you with a +0 glaive.
* * * LOW HITPOINT WARNING * * *
You feel much better. The orc barely misses you. The orc misses you.
The orc warrior hits you with a +0 glaive!
* * * LOW HITPOINT WARNING * * *
You closely miss the orc warrior.
The orc warrior is almost dead.
The orc hits you with a +0 whip.
* * * LOW HITPOINT WARNING * * *
The orc hits you with a +0 mace!
* * * LOW HITPOINT WARNING * * *
The orc warrior closely misses you.
You closely miss the orc warrior.
The orc warrior is almost dead.
The orc hits you with a +0 whip.
* * * LOW HITPOINT WARNING * * *
The orc hits you but does no damage. The orc warrior closely misses you.
You barely miss the orc warrior.
The orc warrior is almost dead.
The orc hits you with a +0 whip.
* * * LOW HITPOINT WARNING * * *
The orc hits you with a +0 mace.
* * * LOW HITPOINT WARNING * * *
The orc warrior completely misses you.
You barely miss the orc warrior.
The orc warrior is almost dead.
The orc barely misses you. The orc closely misses you.
The orc warrior hits you with a +0 glaive!
You die...

#.........#
#....#.........#
#....#.........# .
#....#####.....#...
#....#.............
#....#.....<.......
#....+...........<.
#..o.#.............
###@##.............
#.o.o..............
#..................
#..................
#....#########+####
#....# #....#
#....# ######


You could see an orc warrior and 2 orcs.

Vanquished Creatures
  A two-headed ogre (D:7)
  Pikel (D:7)
  Grinder (D:6)
  Sigmund (D:5)
  2 wyverns (D:7)
  Eustachio (D:6)
  4 yaks (D:8)
  Menkaure (D:6)
  Pargi (Sewer)
  A black bear (D:5)
  2 ice beasts (D:6)
  2 sky beasts (D:7)
  2 lemures
  3 centaurs (D:8)
  A weeping skull (Ossuary)
  3 bullfrogs
  2 kobold brigands
  A scorpion (D:4)
  4 water moccasin zombies (Ossuary)
  4 jellies
  A hound (D:4)
  2 bombardier beetles
  A gnoll bouda (D:7)
  3 orc priests
  2 sleepcaps
  Terence (D:2)
  An iguana (D:3)
  5 orc wizards
  2 crocodile zombies (Ossuary)
  2 mummies (Ossuary)
  Robin (D:2)
  16 gnolls
  10 adders
  3 howler monkey skeletons (D:6)
  A shadow imp (D:8)
  2 ufetubi (D:5)
  2 adder zombies (Ossuary)
  A ribbon worm (D:3)
  19 orcs
  5 ball pythons
  8 endoplasms
  5 giant cockroaches
  14 gnoll zombies (Ossuary)
  19 goblins
  10 hobgoblins
  6 quokkas
  2 bats
  5 frilled lizards
  2 jackal zombies (Ossuary)
  14 kobolds
  4 orc zombies (Ossuary)
  10 rats
217 creatures vanquished.

Notes
Turn   | Place    | Note
-------+----------+-------------------------------------------
     0 | D:1      | HessuHobo the Troll Berserker began the quest for the Orb.
     0 | D:1      | Reached XP level 1. HP: 22/22 MP: 0/0
   190 | D:1      | Reached XP level 2. HP: 28/29 MP: 1/1
   476 | D:1      | You fall into a shaft and drop 1 floor!
   724 | D:1      | Reached ** piety under Trog
  1016 | D:2      | Reached XP level 3. HP: 36/36 MP: 2/2
  1039 | D:2      | Noticed Robin
  1077 | D:2      | Killed Robin
  1130 | D:2      | Reached XP level 4. HP: 45/45 MP: 3/3
  1216 | D:2      | Reached skill level 1 in Throwing
  1366 | D:2      | Noticed Terence
  1376 | D:2      | Killed Terence
  1556 | D:2      | Reached XP level 5. HP: 47/53 MP: 4/4
  1735 | D:3      | Reached *** piety under Trog
  1762 | D:3      | Reached skill level 4 in Unarmed Combat
  1924 | D:3      | Found a white marble altar of Elyvilon.
  2306 | D:4      | Found a glowing drain.
  2320 | Sewer    | Entered a sewer
  2504 | Sewer    | Noticed Pargi
  2508 | Sewer    | Killed Pargi
  2509 | Sewer    | Reached XP level 6. HP: 62/62 MP: 5/5
  2768 | D:4      | Found a shadowy altar of Dithmenos.
  2779 | D:4      | Reached XP level 7. HP: 21/70 MP: 6/6
  2863 | D:4      | Reached **** piety under Trog
  2975 | D:4      | Reached skill level 5 in Unarmed Combat
  3067 | D:4      | Found a staircase to the Ecumenical Temple.
  3365 | Temple   | Entered the Ecumenical Temple
  3380 | D:5      | Entered Level 5 of the Dungeon
  3591 | D:5      | Noticed Sigmund
  3598 | D:5      | Killed Sigmund
  3599 | D:5      | Reached XP level 8. HP: 79/79 MP: 7/7
  3765 | D:5      | Reached skill level 5 in Fighting
  3773 | D:5      | Reached skill level 6 in Unarmed Combat
  3774 | D:5      | Reached skill level 5 in Dodging
  4409 | D:6      | Noticed Grinder
  4417 | D:6      | Killed Grinder
  4509 | D:6      | Noticed Eustachio
  4529 | D:6      | Killed Eustachio
  4665 | D:6      | Reached skill level 7 in Unarmed Combat
  4802 | D:6      | Noticed Menkaure
  4810 | D:6      | Killed Menkaure
  4811 | D:6      | Reached XP level 9. HP: 27/89 MP: 8/8
  4876 | D:6      | Identified the +3 short sword of the Sixty-Six Teeth {pain,
                  | Int+2}
  5031 | D:6      | Found a sand-covered staircase.
  5041 | Ossuary  | Entered an ossuary
  5050 | Ossuary  | Reached ***** piety under Trog
  5401 | D:7      | Received a gift from Trog
  5690 | D:7      | Noticed a two-headed ogre
  5700 | D:7      | Killed a two-headed ogre
  5701 | D:7      | Reached skill level 8 in Unarmed Combat
  6209 | D:7      | Noticed Pikel
  6219 | D:7      | Killed Pikel
  6220 | D:7      | Reached XP level 10. HP: 92/102 MP: 9/9
  6704 | D:8      | Reached skill level 1 in Maces & Flails
  6922 | D:8      | Identified 2 scrolls of acquirement
  6922 | D:8      | Acquired 998 gold pieces
  6925 | D:8      | Acquired 766 gold pieces
  7376 | D:9      | HP: 3/104 [orc warrior/+0 glaive (6)]
  7381 | D:9      | Slain by an orc warrior

Illustrated notes

Levels and vault maps discovered:
D:1:      minmay_arrival_cross, layout_loops_ring, serial_aquarium,
          aquarium_bridge_island_small [aquarium_subvault_small_open,
          aquarium_subvault_wall, aquarium_subvault_balcony,
          aquarium_subvault_balcony, aquarium_subvault_bridge],
          aquarium_bridge_straight [aquarium_subvault_bridge,
          aquarium_subvault_wall, aquarium_subvault_bridge,
          aquarium_subvault_wall], aquarium_window_fake, aquarium_window_fake,
          aquarium_window_corridor_3, aquarium_view_2c, aquarium_balcony_1a
D:2:      layout_basic, item_on_display_a, uniq_terence, uniq_robin
D:3:      layout_basic, elyvilon_altar_3
D:4:      layout_cave_pools, grunt_dithmenos_smoke,
          minmay_temple_entry_enclosed_plants, gup_sewer_entry_pipe
D:5:      layout_gridville, uniq_sigmund
D:6:      layout_cave_pools, mainiacjoe_ossuary_entry_find_the_door,
          uniq_grinder, uniq_menkaure, uniq_eustachio
D:7:      layout_loops_ring, uniq_pikel
D:8:      layout_basic, hex_medium
D:9:      layout_grid_maze, zombieorc2_lemuel, uniq_erolcha, uniq_jeremiah,
          uniq_gastronok, uniq_joseph, uniq_erica
Temple:   mainiacjoe_temple_cubbyholes

Skill      XL: |  1  2  3  4  5  6  7  8  9 10 |
---------------+-------------------------------+-----
Fighting       | 3 4 6 7 |  7.7
Throwing       | 1 2 3 |  3.0
Dodging        | 3 4 5 7 |  7.6
Unarmed Combat | 4 5 7 8 |  8.7
Maces & Flails | 2 |  2.0

Action                     |  1- 3 |  4- 6 |  7- 9 | 10-12 || total
---------------------------+-------+-------+-------+-------++-------
  Melee: Unarmed           |    96 |   144 |   339 |    41 ||   620
         Punch             |     1 |     3 |    13 |     3 ||    20
         Whip              |       |       |       |    56 ||    56
  Throw: Stone             |       |    24 |    20 |       ||    44
         Dart              |       |       |     7 |       ||     7
 Invoke: Berserk           |       |     2 |     1 |       ||     3
         Trog's Hand       |       |     1 |       |       ||     1
    Use: Scroll            |       |       |     7 |     3 ||    10
         Potion            |       |       |     1 |     4 ||     5
   Stab: Sleeping          |       |       |     1 |       ||     1
 Armour: Animal skin       |    62 |   121 |    50 |       ||   233
         Robe              |       |       |   185 |   121 ||   306
  Dodge: Dodged            |    51 |    82 |   133 |    84 ||   350

Table legend: (Time is in decaauts)
 A = Elapsed time spent in this place.
 B = Non-inter-level travel time spent in this place.
 C = Inter-level travel time spent in this place.
 D = Time resting spent in this place.
 E = Time spent auto-exploring this place.
 F = Levels seen in this place.
 G = Mean time per level.
                   A        B        C        D        E       F      G
               +--------+--------+--------+--------+--------+-----+--------+
         Total |   7329 |   6834 |    495 |   1035 |   4409 |  12 |  610.8 |
       Dungeon |   6803 |   6308 |    495 |    895 |   4221 |   9 |  755.9 |
        Temple |      1 |      1 |      0 |      0 |      0 |   1 |    1.0 |
         Sewer |    309 |    309 |      0 |    112 |    114 |   1 |  309.0 |
       Ossuary |    214 |    214 |      0 |     28 |     74 |   1 |  214.0 |
               +--------+--------+--------+--------+--------+-----+--------+

Top non-repeatable levels by time:
     D:5: 1048 daAuts
     D:7: 984 daAuts
     D:8: 963 daAuts
     D:1: 935 daAuts
     D:3: 779 daAuts
     D:2: 695 daAuts
     D:6: 686 daAuts
     D:4: 662 daAuts
   Sewer: 309 daAuts
 Ossuary: 214 daAuts
     D:9: 48 daAuts
  Temple: 1 daAuts
